Map: Deathaura LE

Players

HeroMarine - Winner!

  • Race: Terran Terran
  • Spawn Location: 11:00

SpeCial

  • Race: Terran Terran
  • League: Master
  • Spawn Location: 5:00

Event: War Chest Team League

VOD

Have the link to the VOD?

Description

Time

  • Played on: Aug. 7, 2020, 8:03 a.m.
  • Length: 18:41
Show
View Real Time Build Order
Export as new Build Order

HeroMarine Terran - Winner!

Build Orders: Gas First Reaper Expand, Hellion Opening 

Get SALT Encoding   

  12  0:00  SCV  
  13  0:12  SCV  
  14  0:17  Supply Depot  
  14  0:24  SCV  
  15  0:29  Refinery  
  15  0:38  SCV  
  16  0:44  Barracks  
  16  0:50  SCV  
  17  1:03  SCV  
  18  1:15  SCV  
  19  1:31  Reaper, Orbital Command  
  20  1:41  Command Center  
  20  1:51  Factory  
  20  1:56  SCV  
  21  2:07  Barracks Reactor  
  21  2:08  SCV  
  21  2:12  Supply Depot  
  22  2:15  Refinery  
  22  2:20  SCV  
  23  2:34  SCV  
  24  2:46  SCV, Starport  
  24  2:48  Hellion  
  24  2:49  Hellion  
  29  2:57  Orbital Command  
  29  2:58  Barracks Tech Lab  
  29  2:59  SCV  
  30  3:11  Hellion  
  30  3:12  SCV, Hellion  
  32  3:17  Concussive Shells, Marauder  
  36  3:33  Hellion x2  
  38  3:35  Medivac  
  38  3:39  Marauder  
  42  3:42  Supply Depot  
  42  3:45  SCV  
  42  3:46  SCV  
  44  3:57  SCV  
  44  3:58  SCV  
  46  4:04  Refinery  
  46  4:07  Starport Tech Lab  
  46  4:08  Cyclone  
  46  4:09  SCV  
  50  4:11  Marine x2  
  50  4:15  Supply Depot  
  50  4:16  SCV  
  53  4:21  SCV  
  54  4:36  Raven, Marine x2  
  54  4:37  SCV x2  
  48  4:49  SCV x2, Siege Tank  
  52  4:58  Supply Depot  
  54  5:01  SCV x2  
  54  5:06  Command Center  
  54  5:08  Marine  
  54  5:09  Marine  
  54  5:13  SCV x2  
  58  5:19  Raven  
  60  5:25  SCV x2  
  60  5:26  Supply Depot, Marine  
  60  5:27  Marine  
  60  5:28  Siege Tank  
  66  5:37  SCV x2  
  68  5:44  Marine  
  68  5:45  Marine  
  68  5:49  SCV x2  
  72  5:51  Supply Depot  
  72  6:01  SCV x2, Siege Tank  
  77  6:06  Refinery  
  77  6:13  SCV x2  
  77  6:15  Viking, Marine  
  81  6:19  Supply Depot  
  81  6:20  Stimpack  
  81  6:25  Orbital Command  
  81  6:26  SCV x2  
  81  6:30  Barracks  
  81  6:32  Engineering Bay, Barracks  
  82  6:37  Siege Tank  
  82  6:38  SCV x2  
  80  6:40  Viking  
  80  6:50  SCV x2  
  80  6:53  Viking  
  82  6:55  SCV  
  83  7:01  Terran Infantry Weapons Level 1  
  83  7:02  SCV x2, Marine  
  83  7:07  Missile Turret  
  83  7:08  SCV, Missile Turret  
  87  7:11  Viking, Siege Tank  
  87  7:14  SCV x2  
  94  7:23  Barracks  
  94  7:26  SCV x2, Barracks  
  94  7:27  Barracks Reactor  
  94  7:28  Barracks Reactor, Marine  
  94  7:29  SCV  
  92  7:36  Viking  
  91  7:38  SCV  
  91  7:41  Orbital Command  
  91  7:42  SCV  
  91  7:43  Siege Tank  
  96  7:52  Marine  
  96  7:53  SCV  
  96  7:54  SCV  
  96  7:57  Missile Turret  
  98  8:01  Viking  
  98  8:03  Refinery  
  100  8:06  Viking  
  100  8:09  Refinery  
  100  8:10  SCV x2  
  100  8:15  Siege Tank  
  100  8:17  Marine x2  
  100  8:18  Marine, Barracks Tech Lab  
  104  8:22  SCV x3  
  106  8:33  Marine  
  106  8:34  SCV x3  
  101  8:35  Marine x3  
  95  8:41  Barracks Tech Lab  
  95  8:42  Barracks Tech Lab  
  95  8:46  SCV x2  
  95  8:47  SCV  
  98  8:50  Armory, Engineering Bay, Marine  
  98  8:53  Combat Shield  
  98  8:54  Marauder  
  101  8:56  Terran Infantry Armor Level 1  
  101  8:58  Medivac x2  
  101  9:03  Command Center, Marauder  
  101  9:04  Marauder, Missile Turret  
  101  9:06  Marine x2  
  101  9:07  Marine  
  108  9:14  Supply Depot  
  108  9:18  Supply Depot  
  108  9:19  Supply Depot x2  
  108  9:25  Siege Tank  
  108  9:27  Marauder x2  
  108  9:28  Marauder  
  117  9:32  Supply Depot  
  117  9:35  Marine x4  
  117  9:36  SCV x2  
  117  9:37  SCV  
  123  9:42  Terran Infantry Weapons Level 2  
  123  9:44  Medivac x2  
  127  9:48  Marauder  
  127  9:49  Marauder  
  127  9:50  Marauder  
  133  9:53  Marine x2  
  133  9:57  Siege Tank  
  133  9:59  Marine x2  
  139  10:10  Marauder x2  
  139  10:11  Marine  
  139  10:13  Supply Depot, Marine x2  
  146  10:14  Medivac x2, Supply Depot  
  146  10:17  SCV, Marine  
  152  10:22  SCV  
  152  10:28  SCV  
  152  10:29  SCV, Marauder  
  152  10:31  Marauder  
  152  10:33  Siege Tank  
  152  10:34  Marauder  
  152  10:35  Marine  
  163  10:37  Marine x2  
  165  10:44  Viking, Medivac  
  169  10:50  SCV, Marauder  
  169  10:51  SCV x2  
  169  10:54  Planetary Fortress, Starport x2  
  174  10:59  Marine x2  
  174  11:00  Marine  
  174  11:01  Marine  
  174  11:02  Marauder  
  174  11:03  Missile Turret  
  180  11:10  Marauder  
  182  11:12  Marauder  
  186  11:21  SCV x2  
  186  11:22  SCV  
  186  11:24  Viking  
  187  11:33  SCV  
  187  11:39  Starport Reactor  
  188  11:41  Refinery  
  188  11:52  Supply Depot  
  188  11:53  SCV x2, Viking, Marine x2, Fusion Core  
  188  11:54  Marauder x2  
  196  11:55  Refinery  
  196  11:58  Marauder, Marine  
  196  12:13  Marine, Siege Tank  
  200  12:17  Marine  
  196  12:24  Command Center  
  178  12:32  Marauder  
  178  12:35  Marine x4  
  168  12:37  Marauder, Marine  
  168  12:40  Viking x4  
  168  12:41  Viking  
  172  12:45  Siege Tank  
  172  12:46  SCV x2  
  170  12:51  Advanced Ballistics  
  170  12:53  Terran Ship Weapons Level 1, Marine x3  
  170  12:54  Marauder  
  167  12:59  Marauder, Marine x2  
  162  13:10  Viking, Liberator x3  
  162  13:11  Medivac, Marine  
  162  13:12  Marine x2  
  175  13:15  Marauder  
  175  13:17  Marine  
  175  13:18  Marauder  
  177  13:20  Marauder, Barracks  
  176  13:28  Marine  
  176  13:30  Marine x2, Siege Tank  
  182  13:37  Marauder, Marine  
  182  13:39  Marauder  
  182  13:40  Viking  
  178  13:41  Marauder  
  178  13:50  Marine  
  178  13:53  Viking x2  
  178  13:54  Marine  
  181  13:58  Marauder  
  181  13:59  Viking  
  181  14:00  Marauder  
  181  14:02  Marine  
  178  14:06  Viking  
  178  14:07  Viking  
  178  14:08  Barracks Reactor, Marine  
  184  14:10  Viking  
  184  14:12  Marine  
  187  14:19  Marauder  
  187  14:21  Marauder  
  187  14:22  Marauder  
  187  14:23  Viking x2  
  191  14:26  Marine  
  191  14:30  Viking, Marine  
  187  14:36  Viking  
  167  14:41  Marauder  
  167  14:42  Marauder  
  167  14:43  Marine  
  167  14:44  Marine  
  168  14:48  Marine  
  168  14:50  Marine x2  
  126  14:52  Medivac  
  145  14:54  Planetary Fortress  
  138  15:00  Marine  
  138  15:02  Marauder, Marine  
  138  15:03  Marine  
  138  15:06  Marine  
  135  15:08  Marine x2  
  135  15:11  SCV x2  
  135  15:12  SCV  
  140  15:19  Marauder, Marine  
  136  15:21  Marauder  
  136  15:23  Marine x2  
  136  15:24  Viking  
  136  15:25  Marine  
  136  15:26  Marine  
  128  15:30  SCV x2  
  128  15:36  Barracks Tech Lab  
  128  15:37  Marine  
  128  15:38  Siege Tank  
  128  15:40  Marauder  
  128  15:41  Marauder, Marine  
  128  15:42  Medivac x3  
  135  15:43  Marauder, Marine  
  135  15:44  Marine  
  132  15:54  Barracks  
  132  15:55  Marine  
  131  15:58  Marauder  
  131  15:59  Command Center, Marine  
  131  16:01  Marine  
  131  16:02  Marauder, Marine  
  131  16:03  Marauder  
  142  16:04  Marauder  
  142  16:05  Medivac x2  
  146  16:13  Medivac x2, Refinery, Marine  
  146  16:14  Refinery  
  146  16:17  Viking, Marine  
  154  16:19  Marine x2  
  154  16:20  Marauder  
  154  16:22  Bunker  
  154  16:23  Marauder  
  154  16:24  Marauder  
  164  16:25  Marauder  
  164  16:27  Sensor Tower  
  164  16:31  Marine  
  165  16:35  Marine  
  165  16:37  Marine x2  
  168  16:41  Marauder  
  168  16:44  Marauder  
  168  16:45  Marauder  
  170  16:47  Marauder  
  170  16:49  Medivac  
  170  16:54  Marine x2  
  170  16:57  Barracks Tech Lab  
  170  16:58  Marine x2  
  174  17:01  Viking x3  
  174  17:02  Marauder  
  174  17:06  Marauder  
  174  17:07  Marauder  
  174  17:08  Marauder  
  186  17:12  Marine x2  
  182  17:16  Marauder  
  184  17:24  Marauder  
  184  17:27  Marauder  
  184  17:28  Marauder  
  184  17:29  Marauder  
  192  17:37  Marine x2  
  192  17:38  Marauder  
  192  17:42  Marine  
  192  17:43  Marine  
  185  17:44  Medivac x2  
  185  17:45  Marauder  
  185  17:49  Marauder  
  185  17:50  Marauder, Marine  
  187  17:55  Marine x2  
  173  17:59  Marine  
  173  18:00  Marine x2  
  173  18:03  Viking x3  
  179  18:07  Marauder  
  179  18:09  Marauder  
  179  18:10  Marauder  
  179  18:11  Marauder  
  191  18:20  Unknown, Marauder  
  191  18:27  Unknown  
Show
View Real Time Build Order
Export as new Build Order

SpeCial Terran 

Build Orders: Mech, Banshee Rush 

Get SALT Encoding   

  12  0:00  SCV  
  13  0:13  SCV  
  14  0:17  Supply Depot  
  14  0:25  SCV  
  15  0:38  SCV  
  15  0:39  Barracks  
  16  0:43  Refinery  
  16  0:50  SCV  
  16  0:52  Refinery  
  17  1:02  SCV  
  18  1:15  SCV  
  19  1:27  Supply Depot, Reaper, Orbital Command  
  20  1:41  Factory  
  20  1:54  SCV  
  21  1:59  Reaper  
  22  2:06  SCV  
  23  2:17  Command Center  
  23  2:19  SCV  
  24  2:26  Hellion  
  26  2:31  SCV  
  26  2:32  Barracks Tech Lab  
  26  2:36  Supply Depot  
  27  2:43  SCV  
  28  2:55  SCV  
  29  3:01  Cyclone  
  29  3:05  Starport  
  32  3:07  SCV  
  32  3:14  Barracks Tech Lab  
  32  3:19  SCV  
  32  3:32  SCV, Refinery  
  32  3:33  Cyclone  
  36  3:35  Orbital Command  
  36  3:44  SCV  
  36  3:47  Marine  
  36  3:48  Banshee  
  38  3:52  Cloaking Field  
  41  3:58  SCV  
  41  4:01  SCV  
  43  4:07  Cyclone  
  46  4:11  SCV  
  46  4:13  SCV  
  46  4:16  Supply Depot  
  48  4:23  SCV  
  49  4:25  SCV  
  49  4:28  Command Center  
  50  4:35  SCV  
  51  4:39  Cyclone  
  51  4:41  SCV  
  46  4:47  SCV  
  47  4:53  SCV  
  47  4:56  Banshee  
  47  4:59  SCV  
  52  5:05  SCV  
  53  5:08  Mag-Field Accelerator  
  53  5:11  SCV  
  53  5:13  Cyclone  
  57  5:16  Supply Depot  
  57  5:19  SCV  
  58  5:23  SCV  
  58  5:24  Hyperflight Rotors  
  58  5:27  Refinery  
  59  5:31  SCV  
  61  5:35  SCV  
  61  5:44  Banshee  
  61  5:45  Cyclone  
  61  5:47  Orbital Command  
  61  5:48  SCV x2  
  66  6:00  SCV  
  66  6:02  SCV  
  66  6:03  Factory  
  68  6:08  Supply Depot  
  68  6:09  Orbital Command  
  68  6:10  Barracks Reactor  
  68  6:13  SCV  
  68  6:14  SCV, Factory  
  70  6:19  Cyclone  
  70  6:25  SCV  
  74  6:26  SCV  
  74  6:28  Banshee  
  78  6:36  SCV  
  78  6:37  SCV  
  78  6:38  SCV  
  81  6:48  SCV  
  81  6:49  SCV  
  81  6:51  SCV, Cyclone  
  84  7:00  SCV, Supply Depot x2, Factory Tech Lab  
  86  7:01  SCV  
  86  7:03  SCV  
  86  7:08  Hellion x2  
  91  7:12  SCV, Refinery  
  91  7:13  SCV, Refinery  
  91  7:14  Supply Depot  
  93  7:19  Barracks Reactor  
  93  7:20  SCV, Supply Depot  
  93  7:21  Banshee  
  93  7:22  Supply Depot  
  96  7:23  Siege Tank  
  96  7:24  SCV  
  96  7:25  SCV, Supply Depot  
  96  7:28  Siege Tank  
  96  7:29  Hellion x2  
  102  7:32  SCV  
  102  7:37  SCV x2  
  103  7:44  SCV  
  103  7:49  SCV x2, Supply Depot  
  103  7:50  Engineering Bay  
  103  7:51  Hellion x2  
  109  7:52  Supply Depot  
  109  7:55  Siege Tank  
  109  7:56  SCV  
  113  8:01  SCV x2, Siege Tank  
  118  8:08  SCV  
  118  8:12  Hellion x2  
  123  8:16  SCV  
  124  8:28  Siege Tank  
  124  8:33  Viking x2, Hellion, Siege Tank  
  124  8:34  Hellion  
  114  8:35  SCV  
  114  8:36  SCV  
  114  8:38  SCV  
  100  8:47  SCV  
  100  8:48  Armory  
  101  8:50  Armory  
  101  8:52  Sensor Tower  
  101  8:55  Hellion x2  
  105  8:58  Command Center, Factory  
  105  9:01  Factory  
  105  9:04  Viking  
  105  9:05  Viking  
  105  9:08  Siege Tank  
  112  9:14  Siege Tank  
  112  9:16  Hellion x2  
  119  9:17  Infernal Pre-Igniter  
  119  9:25  SCV x3  
  119  9:34  Viking  
  119  9:38  Hellion x2  
  117  9:41  Terran Vehicle Weapons Level 1, Terran Vehicle And Ship Armor Level 1  
  117  9:44  SCV x3  
  120  9:53  Factory Reactor  
  120  9:55  Viking  
  120  9:57  Cyclone  
  120  9:58  Sensor Tower  
  120  9:59  Hellion x2  
  129  10:00  Refinery  
  129  10:01  Cyclone, Refinery  
  129  10:04  Cyclone  
  134  10:07  SCV x2  
  134  10:13  Viking  
  135  10:17  SCV  
  135  10:19  SCV  
  137  10:24  Missile Turret x2  
  137  10:25  Viking  
  137  10:28  Hellion x2  
  144  10:33  Planetary Fortress  
  144  10:35  Missile Turret  
  141  10:39  Siege Tank  
  144  10:49  Hellion  
  148  10:50  Hellion x3  
  148  10:53  Siege Tank x2  
  158  11:03  Viking x2  
  162  11:09  Missile Turret  
  162  11:10  Missile Turret  
  162  11:11  Siege Tank  
  165  11:24  Hellion x2  
  165  11:25  Hellion x2, Siege Tank  
  170  11:40  Liberator x2  
  170  11:41  Supply Depot  
  170  11:42  Supply Depot, Factory  
  170  11:43  Factory  
  174  11:56  Hellion x3  
  174  11:57  Siege Tank x2  
  174  11:58  Hellion  
  188  12:03  Siege Tank  
  182  12:18  Hellion  
  182  12:22  SCV  
  177  12:27  Factory Tech Lab  
  177  12:29  Siege Tank x2  
  173  12:33  SCV  
  173  12:36  Hellion  
  167  12:39  Hellion  
  142  12:45  Orbital Command  
  142  12:46  SCV  
  142  12:50  Hellion  
  137  12:53  SCV x2  
  137  12:57  Siege Tank  
  139  12:58  SCV  
  139  13:00  Hellion  
  139  13:01  Siege Tank  
  142  13:05  SCV  
  142  13:10  Hellion  
  142  13:11  Hellion  
  147  13:13  Factory Reactor  
  147  13:15  SCV x3  
  150  13:22  Hellion  
  143  13:29  Hellion  
  143  13:31  SCV  
  143  13:32  SCV, Siege Tank x2  
  143  13:33  SCV x2  
  143  13:34  Siege Tank  
  156  13:35  Viking  
  150  13:42  Engineering Bay  
  150  13:43  Hellion  
  150  13:44  SCV x2  
  150  13:45  SCV x2  
  150  13:46  Refinery x2  
  156  13:50  Hellion, Siege Tank  
  161  14:00  SCV x2  
  161  14:01  Viking  
  163  14:04  Hellion x2, Siege Tank  
  163  14:05  Viking, Command Center  
  172  14:13  Supply Depot  
  172  14:14  Supply Depot  
  172  14:18  Sensor Tower  
  172  14:28  Hellion  
  172  14:29  Siege Tank  
  172  14:30  Hellion  
  170  14:31  Viking, Hellion  
  170  14:35  Viking  
  163  14:41  Thor  
  163  14:42  Hellion x2  
  163  14:43  SCV  
  168  14:52  Cyclone  
  145  14:54  SCV  
  138  15:01  Viking, Cyclone  
  138  15:05  Viking  
  138  15:06  Terran Vehicle Weapons Level 2  
  126  15:08  Hellion  
  126  15:13  Hellion  
  117  15:24  SCV x2  
  117  15:27  SCV  
  104  15:31  Viking  
  104  15:32  Hellion  
  104  15:34  Hellion  
  104  15:35  Viking  
  107  15:36  Hellion  
  99  15:43  Hellion x2  
  99  15:45  SCV x2  
  99  15:49  SCV x2  
  100  15:54  Planetary Fortress  
  100  15:56  Hellion  
  103  15:57  SCV  
  103  16:10  Cyclone  
  103  16:11  Hellion x2, Cyclone x2  
  116  16:13  SCV x2  
  116  16:14  SCV  
  119  16:19  Hellion  
  119  16:23  Viking  
  123  16:25  Viking  
  125  16:38  Hellion x2  
  119  16:43  Cyclone x3  
  125  16:49  Hellion  
  125  16:53  SCV  
  125  16:55  Hellion  
  125  16:59  Hellion  
  129  17:05  SCV x2  
  129  17:06  SCV x3  
  131  17:10  Hellion  
  131  17:14  Thor  
  131  17:15  Siege Tank x2  
  143  17:17  SCV  
  143  17:18  SCV x4  
  143  17:21  Viking  
  150  17:24  Viking  
  152  17:42  Hellion  
  150  17:47  Siege Tank x2  
  143  17:51  Hellion  
  143  17:54  SCV  
  143  17:56  SCV x2  
  143  17:58  Siege Tank  
  140  18:01  Hellion  
  140  18:03  SCV  
  143  18:06  SCV  
  143  18:08  SCV  
Tags
 
Add a new tag
Caveats
  • Supply blocks, unpowered buildings, or Contaminate may cause inaccurate times.
  • Supply counts are checked every 10 seconds.